 Dungeon Crawl Stone Soup version 0.26-a0-708-g17f3b190f9 (webtiles) character file.

Game seed: 10559529159070022604

92120 lunkers the Spry (level 16, -2/141 HPs)
             Began as a Merfolk Gladiator on Oct 29, 2020.
             Was the Champion of Okawaru.
             Slain by Saint Roka
             ... wielding a +1 long sword of electrocution
              (23 damage)
             ... on level 1 of the Orcish Mines.
             The game lasted 00:48:42 (27017 turns).

lunkers the Spry (Merfolk Gladiator)               Turns: 27017, Time: 00:48:43

Health: -2/141     AC: 20    Str: 15    XL:     16   Next: 5%
Magic:  22/22      EV: 31    Int:  9    God:    Okawaru [******]
Gold:   1909       SH:  9    Dex: 20    Spells: 15/15 levels left

rFire    + . .     SeeInvis .   a - +4 trident (venom)
rCold    . . .     Faith    .   x - +2 buckler {rPois}
rNeg     . . .     Spirit   .   N - +3 scale mail {rF+}
rPois    +         Reflect  .   c - +0 helmet
rElec    .         Harm     .   I - +0 cloak
rCorr    .         Rampage  .   o - +2 pair of gloves
MR       +....                  D - +1 pair of boots
Stlth    +++.......             w - amulet of the acrobat
HPRegen  0.33/turn              t - +4 ring of evasion
MPRegen  0.18/turn              R - ring of stealth

@: heroism, berserk cooldown, slowed, very slow
A: change form in water, swift swim, stealthy swim
a: Heroism, Finesse, Renounce Religion


You were on level 1 of the Orcish Mines.
You worshipped Okawaru.
Okawaru was exalted by your worship.
You visited 3 branches of the dungeon, and saw 20 of its levels.

You collected 2161 gold pieces.
You spent 252 gold pieces at shops.

Inventory:

Hand Weapons
 a - a +4 trident of venom (weapon)
 r - a +2 trident of freezing
 L - a +2 trident of protection
Missiles
 e - a throwing net {=f}
Armour
 c - a +0 helmet (worn)
 o - a +2 pair of gloves (worn)
 x - a +2 buckler of poison resistance (worn)
 D - a +1 pair of boots (worn)
 G - the +1 ring mail of Sandy Life {rElec Dex+2}
   (You bought it in a shop on level 7 of the Dungeon)

   It affects your dexterity (+2).
   It insulates you from electricity.
 I - a +0 cloak (worn)
 N - a +3 scale mail of fire resistance (worn)
 O - a +0 hat of see invisible
Jewellery
 t - a +4 ring of evasion (left hand)
 w - an amulet of the acrobat (around neck)
 J - an uncursed ring of ice
 Q - an uncursed ring of protection from fire
 R - a ring of stealth (right hand)
Wands
 b - a wand of paralysis (16)
 h - a wand of digging (6)
 C - a wand of flame (28)
 F - a wand of random effects (34)
 P - a wand of iceblast (12)
Scrolls
 d - a scroll of fear
 f - 6 scrolls of enchant weapon
 j - 3 scrolls of teleportation
 k - 6 scrolls of amnesia
 m - 6 scrolls of magic mapping
 q - a scroll of fog
 v - 5 scrolls of enchant armour
 y - 14 scrolls of remove curse
 B - a scroll of blinking
 H - 4 scrolls of identify
Potions
 g - 3 potions of heal wounds
 i - 11 potions of ambrosia
 l - 4 potions of curing
 n - a potion of flight
 p - 6 potions of brilliance
 s - 3 potions of lignification
 z - a potion of cancellation
 A - a potion of resistance
 E - 6 potions of stabbing
 K - 6 potions of might
 M - a potion of mutation
 S - a potion of haste
 U - a potion of invisibility
Miscellaneous
 T - a phantom mirror
 W - a phial of floods


   Skills:
 + Level 17.0(22.0) Fighting
 - Level 14.0(19.0) Polearms
 - Level 2.0(7.0) Throwing
 - Level 5.9(10.9) Armour
 + Level 19.8(24.8) Dodging
 - Level 4.0(9.0) Shields
 - Level 8.0 Invocations


You had 15 spell levels left.
You didn't know any spells.
Your spell library contained the following spells:

 Spells                   Type           Power        Failure   Level
 Beastly Appendage        Tmut           #.....       75%         1
 Corona                   Hex            #......      75%         1
 Magic Dart               Conj           #...         75%         1
 Blink                    Tloc           N/A          87%         2
 Call Imp                 Summ           #.......     87%         2
 Ensorcelled Hibernation  Hex/Ice        #.....       87%         2
 Searing Ray              Conj           #.....       87%         2
 Slow                     Hex            #.......     87%         2
 Wereblood                Tmut           #.......     87%         2
 Confusing Touch          Hex            #.......     98%         3
 Conjure Flame            Conj/Fire      #.......     98%         3
 Dazzling Flash           Conj/Hex       #.....       98%         3
 Gell's Gravitas          Tloc           #.........   98%         3
 Mephitic Cloud           Conj/Pois/Air  #.......     98%         3
 Spider Form              Tmut/Pois      #.........   98%         3
 Tukima's Dance           Hex            #.......     98%         3
 Fulminant Prism          Conj/Hex       #.........   100%        4
 Ice Form                 Ice/Tmut       #.......     100%        4
 Iskenderun's Mystic Bla  Conj/Tloc      #.......     100%        4
 Petrify                  Tmut/Erth      #.......     100%        4
 Blade Hands              Tmut           #.........   100%        5
 Bolt of Magma            Conj/Fire/Erth #.........   100%        5
 Iskenderun's Battlesphe  Conj           #.......     100%        5
 Metabolic Englaciation   Hex/Ice        #.........   100%        5
 Yara's Violent Unravell  Hex/Tmut       #.........   100%        5
 Iron Shot                Conj/Erth      #.........   100%        6
 Orb of Destruction       Conj           #.........   100%        7
 Spellforged Servitor     Conj/Summ      #.........   100%        7


Dungeon Overview and Level Annotations

Branches:
Dungeon (12/15)            Temple (0/1) D:7            Lair (6/6) D:9
 Shoals (0/4) Lair:4        Snake (0/4) Lair:4        Slime (0/5) Lair:5
    Orc (2/2) D:12            Elf (0/3) Orc:2

Altars:
Dithmenos
Gozag
Hepliaklqana
Kikubaaqudgha
Okawaru
Qazlal
Ru
Trog
Uskayaw
Xom
Beogh

Shops:
D:7 ([   Orc:2 }

Annotations:
D:11 1 runed translucent door, kd29's ghost, journeyman MfGl
Lair:4 exclusion: oklob plant
Lair:5 1 runed translucent door, Vig Uhad's ghost, journeyman OpTm
Lair:6 exclusion: orange crystal statue
Orc:1 Saint Roka


Message History

Unknown command.
Unknown command.
Attack whom?
Press: ? - help, Dir - move target cursor, f/p - Saint Roka
Aim: Saint Roka, wielding a +0 arbalest, wearing a +2 plate armour of magic resistance and quivering 10 bolts (almost dead, extremely poisoned)
You reach to attack!
You hit Saint Roka but do no damage.
Saint Roka looks as sick as possible!
Saint Roka is almost dead.
Unknown command.
Unknown command.
Attack whom?
Press: ? - help, Dir - move target cursor, f/p - Saint Roka
Aim: Saint Roka, wielding a +0 arbalest, wearing a +2 plate armour of magic resistance and quivering 10 bolts (almost dead, extremely poisoned)
You hit Saint Roka.
Saint Roka is almost dead.
Saint Roka unwields a +0 arbalest.
Saint Roka wields a +1 long sword of electrocution.
You hear the crackle of electricity.
Saint Roka hits you with a +1 long sword of electrocution!!
You die...

#.#............#...##..#...##
...#.......##..........##.##
......................###########
#................[.[.###.##.##...
##..##...........[)[..#.....#....
##.####[.........[[[...#.........
....##[[[#.......)><......#...###
#..###...#.......).[.....#..###≈≈
...##....#.(....@o).......#.###≈≈
#.###..........#(....#...#..##...
######.........##...........###§≈
##..##........#....#..#..#..###≈≈
#.....#.#...#.....#.......#..####
##....................#.......#
###.........#......#.#....#.###
#..#..#.#))##.......###....##
.....#.#.##.##.###...####.##


You could see Saint Roka (extremely poisoned).

Vanquished Creatures
  Gastronok (D:12)
  A stone giant (Orc:2)
  An ogre mage (Orc:2)
  2 boulder beetles
  Erolcha (D:11)
  3 hydras
  A catoblepas (Lair:6)
  A centaur warrior (D:12)
  9 two-headed ogres
  An alligator (Lair:6)
  5 death yaks (Lair:2)
  Urug (D:11)
  A fire crab (Lair:4)
  2 deep trolls
  2 lindwurms (Lair:6)
  3 orc knights
  2 orc sorcerers (Orc:2)
  2 manticores (Lair:6)
  2 cyclopes (Orc:2)
  Maurice (Orc:2)
  6 black mambas
  2 gargoyles
  3 centaur skeletons
  24 cane toads
  A torpor snail (Lair:6)
  7 rime drakes
  8 komodo dragons
  7 trolls (Orc:2)
  A queen bee (Lair:1)
  11 polar bears (Lair:6)
  3 raiju (Lair:6)
  8 blink frogs
  2 hornets (D:12)
  7 dream sheep
  2 shadows (D:11)
  49 yaks
  A vampire (D:12)
  4 wyverns
  A basilisk (Lair:6)
  9 wargs
  3 nagas (Lair:4)
  12 hell hounds (Lair:6)
  17 water moccasins
  25 orc warriors
  15 black bears
  4 ice beasts
  2 sky beasts
  A necrophage (D:7)
  2 phantoms
  14 wolves (Lair:6)
  19 ogres
  2 centaurs
  A big kobold (D:11)
  Blork the orc (D:6)
  A gnoll sergeant (D:9)
  18 bullfrogs
  4 scorpions
  37 killer bees
  6 electric eels
  A howler monkey (D:5)
  A vampire bat (D:8)
  15 wights
  A bullfrog zombie (D:5)
  A centaur zombie (D:7)
  4 jellies
  A quasit (D:9)
  A crimson imp (D:6)
  2 bullfrog skeletons
  6 hounds
  11 orc priests
  4 iguanas
  Ijyb (D:3)
  8 worker ants
  24 orc wizards
  4 worker ant zombies
  10 gnolls
  12 adders
  4 shadow imps
  2 white imps
  3 ufetubi
  An ooze (D:2)
  2 adder zombies
  5 worms
  A dart slug (D:1)
  6 leopard geckos
  60 orcs
  4 ball pythons
  9 bats
  8 giant cockroaches
  18 goblins
  11 hobgoblins
  4 jackals (D:3)
  13 kobolds
  3 quokkas
  2 frilled lizards
  7 rats
652 creatures vanquished.

Vanquished Creatures (others)
  45 fungi
  45 plants
  2 withered plants (Lair:5)
92 creatures vanquished.

Grand Total: 744 creatures vanquished

Notes
Turn   | Place    | Note
-------+----------+-------------------------------------------
     0 | D:1      | lunkers the Merfolk Gladiator began the quest for the Orb.
     0 | D:1      | Reached XP level 1. HP: 16/16 MP: 1/1
   124 | D:1      | Reached XP level 2. HP: 23/23 MP: 2/2
   174 | D:1      | Reached skill level 5 in Polearms
   448 | D:1      | Reached XP level 3. HP: 24/28 MP: 3/3
  1240 | D:2      | Found a shadowy altar of Dithmenos.
  1376 | D:2      | Reached XP level 4. HP: 34/34 MP: 4/4
  1454 | D:2      | Found a stormy altar of Qazlal.
  1458 | D:2      | Found a bloodstained altar of Trog.
  1459 | D:2      | Found an ancient bone altar of Kikubaaqudgha.
  2016 | D:2      | Reached skill level 5 in Dodging
  2149 | D:3      | Reached XP level 5. HP: 35/41 MP: 5/5
  2348 | D:3      | Found an iron altar of Okawaru.
  2462 | D:3      | Noticed Ijyb
  2480 | D:3      | Killed Ijyb
  2882 | D:3      | Became a worshipper of Warmaster Okawaru
  2935 | D:4      | Found a shimmering altar of Xom.
  3083 | D:4      | Reached XP level 6. HP: 36/48 MP: 6/6
  3218 | D:4      | Reached skill level 1 in Invocations
  3672 | D:4      | Found a hazy altar of Hepliaklqana.
  3904 | D:5      | Entered Level 5 of the Dungeon
  4018 | D:5      | Noticed an ice beast
  4026 | D:5      | Reached XP level 7. HP: 45/54 MP: 8/8
  4047 | D:5      | Reached * piety under Okawaru
  4047 | D:5      | Reached skill level 6 in Dodging
  4047 | D:5      | Reached skill level 1 in Shields
  4763 | D:5      | Reached XP level 8. HP: 53/61 MP: 8/10
  5510 | D:6      | Found a hide-covered altar of Uskayaw.
  5510 | D:6      | Noticed a +0 dagger
  5510 | D:6      | Noticed a +0 hand axe
  5520 | D:6      | Noticed Blork the orc
  5534 | D:6      | Killed Blork the orc
  5534 | D:6      | Reached skill level 5 in Fighting
  5848 | D:6      | Reached skill level 7 in Dodging
  5964 | D:6      | Reached skill level 10 in Polearms
  6743 | D:7      | Found Onan's Antique Armour Shop.
  6757 | D:7      | Bought an ancient ring mail for 252 gold pieces
  6767 | D:7      | Identified the cursed +1 ring mail of Sandy Life {rElec
                  | Dex+2} (You bought it in a shop on level 7 of the Dungeon)
  6803 | D:7      | Reached ** piety under Okawaru
  6909 | D:7      | Found a staircase to the Ecumenical Temple.
  6919 | D:7      | Found an opulent altar of Gozag.
  6935 | D:7      | Found Yjyrreud's Antique Weapon Emporium.
  7022 | D:7      | Found a sacrificial altar of Ru.
  7050 | D:7      | Reached XP level 9. HP: 69/69 MP: 11/11
  7636 | D:8      | Reached skill level 8 in Dodging
  7950 | D:8      | Reached *** piety under Okawaru
  8347 | D:8      | Reached skill level 9 in Dodging
  8880 | D:9      | Reached XP level 10. HP: 78/79 MP: 12/12
  8918 | D:9      | Reached **** piety under Okawaru
  9366 | D:9      | Reached skill level 10 in Dodging
 10115 | D:9      | Found a staircase to the Lair.
 10236 | D:10     | Entered Level 10 of the Dungeon
 10329 | D:10     | Reached skill level 11 in Dodging
 10399 | D:10     | Noticed a two-headed ogre
 10407 | D:10     | Killed a two-headed ogre
 10407 | D:10     | Reached ***** piety under Okawaru
 10407 | D:10     | Reached XP level 11. HP: 90/90 MP: 13/13
 10526 | D:10     | Reached skill level 12 in Dodging
 10591 | D:10     | Reached skill level 10 in Fighting
 10909 | D:10     | Reached skill level 1 in Armour
 11596 | D:11     | Found a runed translucent door.
 11598 | D:11     | Noticed kd29's ghost (journeyman MfGl)
 11598 | D:11     | Noticed an ettin
 11636 | D:11     | Noticed Urug
 11655 | D:11     | Killed Urug
 11655 | D:11     | Received a gift from Okawaru
 11796 | D:11     | Noticed Erolcha
 11809 | D:11     | Killed Erolcha
 12044 | D:11     | You fall into a shaft and drop 1 floor!
 12175 | D:11     | Reached skill level 5 in Invocations
 12683 | D:12     | Reached skill level 13 in Dodging
 12928 | D:12     | Noticed Gastronok
 12960 | D:12     | Killed Gastronok
 12960 | D:12     | Reached XP level 12. HP: 80/100 MP: 16/16
 13081 | D:12     | Found a staircase to the Orcish Mines.
 13261 | D:12     | Noticed a centaur warrior
 13274 | D:12     | Killed a centaur warrior
 13457 | Lair:1   | Entered Level 1 of the Lair of Beasts
 13530 | Lair:1   | Noticed a five-headed hydra
 13542 | Lair:1   | Killed a five-headed hydra
 13699 | Lair:1   | Received a gift from Okawaru
 14168 | Lair:1   | Reached skill level 14 in Dodging
 14951 | Lair:2   | Received a gift from Okawaru
 14970 | Lair:2   | Reached skill level 5 in Armour
 15093 | Lair:2   | You fall into a shaft and drop 1 floor!
 15191 | Lair:2   | Found a hide-covered altar of Uskayaw.
 15343 | Lair:2   | Reached XP level 13. HP: 99/108 MP: 19/19
 16409 | Lair:2   | Reached skill level 15 in Dodging
 17976 | Lair:3   | Reached skill level 16 in Dodging
 17976 | Lair:3   | Reached XP level 14. HP: 62/119 MP: 20/20
 18261 | Lair:4   | Received a gift from Okawaru
 18262 | Lair:4   | Got a fading long sword {god gift}
 18271 | Lair:4   | Found a staircase to the Snake Pit.
 18382 | Lair:4   | HP: 3/120 [boulder beetle (46)]
 18537 | Lair:4   | Found a staircase to the Shoals.
 18927 | Lair:4   | Reached skill level 17 in Dodging
 19767 | Lair:5   | Found a runed translucent door.
 19941 | Lair:5   | Noticed Vig Uhad's ghost (journeyman OpTm)
 19983 | Lair:5   | Found a staircase to the Slime Pits.
 20141 | Lair:6   | Entered Level 6 of the Lair of Beasts
 20170 | Lair:6   | Received a gift from Okawaru
 20852 | Lair:6   | Reached XP level 15. HP: 127/127 MP: 21/21
 20923 | Lair:6   | Reached skill level 15 in Fighting
 20966 | Lair:6   | Received a gift from Okawaru
 21176 | Lair:6   | HP: 2/129 [polar bear (6)]
 21675 | Lair:6   | Reached skill level 18 in Dodging
 21748 | Lair:6   | Reached ****** piety under Okawaru
 21849 | Lair:6   | Received a gift from Okawaru
 23905 | Orc:1    | Entered Level 1 of the Orcish Mines
 24094 | Orc:1    | Found a roughly hewn altar of Beogh.
 24195 | Orc:1    | Reached skill level 19 in Dodging
 24377 | Orc:1    | Found a dark tunnel.
 24462 | Orc:2    | Entered Level 2 of the Orcish Mines
 24963 | Orc:2    | Found a staircase to the Elven Halls.
 25188 | Orc:2    | Noticed Maurice
 25202 | Orc:2    | Killed Maurice
 25317 | Orc:2    | Found Ziekudgh's Gadget Shoppe.
 25318 | Orc:2    | Noticed Saint Roka
 25324 | Orc:2    | Received a gift from Okawaru
 26103 | Orc:2    | Reached XP level 16. HP: 102/140 MP: 22/22
 27017 | Orc:1    | Slain by Saint Roka

Illustrated notes

Levels and vault maps discovered:
D:1:      tarquinn_simple_flora_water_d, layout_basic
D:2:      cheibrodos_greedy_goblins, layout_basic, grunt_dithmenos_smoke,
          minitemple, minmay_diced_spiral
D:3:      layout_loops_cross, okawaru_metal_pillars_1_2, st_stairs_9, uniq_ijyb
D:4:      layout_loops_ring, old_standard_altar, brannock_xom_greatest_gift
D:5:      layout_basic
D:6:      layout_basic, dancing_weapons_uskayaw, minmay_misc_feat_roman,
          minmay_fire_ice_demons, uniq_blork_the_orc
D:7:      layout_gridville, grunt_gozag_statues,
          minmay_temple_entry_drinking_statues, basic_altar, serial_shops,
          nicolae_shop_waterfront, shop
D:8:      layout_cave_pools, roderic_batcave
D:9:      layout_irregular_city, grunt_lair_entry_orc_guard_hut
D:10:     layout_basic
D:11:     layout_basic, ebering_ghost_inner_flame, uniq_urug, uniq_erolcha
D:12:     layout_rooms, orc_0_dummy, uniq_gastronok
Lair:1:   layout_roguey, special_room [special_room_bee],
          infiniplex_staircase_pool, lemuel_fruit_fields
Lair:2:   layout_chaotic_city, basic_altar, serial_forest,
          infiniplex_forest_end_3, infiniplex_forest_clump_diagonal,
          infiniplex_forest_straight_4, infiniplex_forest_lined_room_2,
          infiniplex_forest_straight_2, infiniplex_forest_join,
          infiniplex_forest_clump_curved
Lair:3:   layout_cave_pods, grunt_megastairs_5, serial_bayou_shore_a,
          lemuel_fruit_tree, lemuel_fruit_fields, lemuel_fruit_fields,
          infiniplex_staircase_pool_2
Lair:4:   layout_concentric_octagons, elwin_shoals_entry_rocks,
          minmay_snake_entry_guardpost_medium
Lair:5:   layout_long_grid, dpeg_slime_entry_corner, gammafunk_ghost_grave,
          serial_bayou_shore_b
Lair:6:   hangedman_lair_caniforms_friends, layout_regular_city,
          hangedman_lair_in_review, disabler_island
Orc:1:    layout_caves, basic_altar, lightli_volcano_entry_magma_tube
Orc:2:    st_orc_open, layout_diamond_mine, uniq_saint_roka, uniq_maurice

Skill      XL: |  1  2  3  4  5  6  7  8  9 10 11 12 13 14 15 16 |
---------------+-------------------------------------------------+-----
Polearms       | 5 6 7 8 9 10 13 14 | 14.0
Fighting       | 3 4 5 7 9 11 12 13 14 16 17 | 17.0
Dodging        | 5 6 7 9 11 13 14 16 17 19 | 19.8
Invocations    | 1 2 3 6 8 |  8.0
Shields        | 2 3 4 |  4.0
Armour         | 3 5 |  5.9
Throwing       | |  2.0

Action                   |  1- 3 |  4- 6 |  7- 9 | 10-12 | 13-15 | 16-18 || total
-------------------------+-------+-------+-------+-------+-------+-------++-------
Melee: Trident           |   136 |   266 |   557 |  1111 |  1786 |   129 ||  3985
       Tailslap          |       |       |       |     5 |     2 |       ||     7
Throw: Throwing net      |     5 |       |       |       |       |       ||     5
Invok: Heroism           |       |       |     5 |    12 |    18 |     2 ||    37
Evoke: Wand              |       |       |       |     7 |    20 |       ||    27
       Phial of floods   |       |       |       |       |     1 |       ||     1
  Use: Scroll            |       |     6 |     4 |     1 |    24 |       ||    35
       Potion            |       |       |       |       |     2 |     2 ||     4
 Stab: Sleeping          |     1 |       |       |     2 |     6 |       ||     9
       Petrified         |       |       |       |       |     5 |       ||     5
       Distracted        |       |       |       |       |     2 |       ||     2
Armor: Leather armour    |    19 |       |       |       |       |       ||    19
       Ring mail         |     1 |    14 |    43 |    85 |   155 |       ||   298
       Scale mail        |       |    67 |    41 |       |    55 |    13 ||   176
Dodge: Dodged            |    62 |   122 |   248 |   624 |  1387 |    72 ||  2515
Block: Buckler           |       |     9 |   143 |   261 |   574 |    26 ||  1013

Table legend: (Time is in decaauts)
 A = Elapsed time spent in this place.
 B = Non-inter-level travel time spent in this place.
 C = Inter-level travel time spent in this place.
 D = Time resting spent in this place.
 E = Time spent auto-exploring this place.
 F = Levels seen in this place.
 G = Mean time per level.
                   A        B        C        D        E       F      G
               +--------+--------+--------+--------+--------+-----+--------+
         Total |  25602 |  24778 |    824 |   1425 |  18547 |  20 | 1280.1 |
       Dungeon |  13039 |  12572 |    467 |    185 |  10020 |  12 | 1086.6 |
          Lair |   9662 |   9360 |    302 |    212 |   7366 |   6 | 1610.3 |
  Orcish Mines |   2900 |   2846 |     54 |   1028 |   1161 |   2 | 1450.0 |
               +--------+--------+--------+--------+--------+-----+--------+

Top non-repeatable levels by time:
  Lair:6: 3272 daAuts
  Lair:2: 1740 daAuts
   Orc:1: 1651 daAuts
     D:9: 1463 daAuts
  Lair:3: 1416 daAuts
     D:5: 1360 daAuts
     D:6: 1313 daAuts
  Lair:1: 1297 daAuts
   Orc:2: 1249 daAuts
    D:10: 1104 daAuts
     D:2: 1039 daAuts
     D:8: 1028 daAuts
    D:11: 1026 daAuts
     D:1: 1016 daAuts
     D:4: 997 daAuts
